 Dungeon Crawl Stone Soup version 0.23.1 (webtiles) character file.

Game seed: 0

1017 doot the Insei (level 8, -5/52 HPs)
             Began as a Merfolk Transmuter on Mar 19, 2019.
             Was a Follower of Wu Jian.
             Killed by nerve-wracking pain
             ... invoked by Grinder
              (11 damage)
             ... on level 3 of the Dungeon.
             The game lasted 00:24:51 (7467 turns).

doot the Insei (Merfolk Transmuter)                 Turns: 7467, Time: 00:24:51

Health: -5/52      AC:  1    Str: 11    XL:     8   Next: 22%
Magic:  9/13       EV: 15    Int: 14    God:    Wu Jian [*.....]
Gold:   338        SH:  0    Dex: 14    Spells: 6/14 levels left

rFire    . . .     SeeInvis .     - Unarmed
rCold    . . .     Gourm    .   (shield currently unavailable)
rNeg     . . .     Faith    +   b - +0 robe
rPois    .         Spirit   .   (no helmet)
rElec    .         Reflect  .   (no cloak)
rCorr    .         Harm     .   (gloves currently unavailable)
MR       .....                  (no boots)
Stlth    ++........             i - amulet of faith
HPRegen  0.17/turn              (no ring)
MPRegen  0.13/turn              (no ring)

@: blade hands
A: change form in water, swift swim, stealthy swim, deformed body, frail 1
a: End Transformation, Renounce Religion


You were on level 3 of the Dungeon.
You worshipped Wu Jian.
Wu Jian was aware of your devotion.
You were very hungry.
You had blades for hands.
You visited 2 branches of the dungeon, and saw 7 of its levels.
You also visited: Sewer.

You collected 338 gold pieces.

Inventory:

Hand Weapons
 c - a +0 mace
Missiles
 a - 26 arrows
Armour
 b - a +0 robe (worn)
 h - a +1 pair of gloves (melded)
Jewellery
 i - an amulet of faith (around neck)
Wands
 t - a wand of flame (12)
Scrolls
 e - a scroll of enchant armour
 f - a scroll of amnesia
 j - 2 scrolls of teleportation
 l - a scroll of magic mapping
 p - a scroll of fear
Potions
 g - a potion of berserk rage {unknown}
 k - 2 potions of brilliance {unknown}
 m - a potion of cancellation {unknown}
 o - a potion of heal wounds {unknown}
 q - a potion of invisibility {unknown}
 r - 2 potions of might {unknown}
 s - a potion of ambrosia {unknown}
 u - a potion of mutation {unknown}
 v - a potion of magic {unknown}
 w - 2 potions of haste {unknown}
Comestibles
 d - a ration


   Skills:
 + Level 3.0 Fighting
 + Level 5.4 Dodging
 + Level 2.0 Stealth
 + Level 6.7 Unarmed Combat
 + Level 3.8 Spellcasting
 + Level 5.7 Transmutations
 + Level 1.6 Poison Magic


You had 6 spell levels left.
You knew the following spells:

 Your Spells              Type           Power        Failure   Level  Hunger
b - Spider Form           Tmut/Pois      ##........   52%         3    ###....
c - Blade Hands           Tmut           ###.......   85%         5    ######.

Your spell library contained the following spells:

 Spells                   Type           Power        Failure   Level  Hunger
 Beastly Appendage        Tmut           ###...       21%         1    None
 Sticks to Snakes         Tmut           ###.....     24%         2    ##.....
 Ice Form                 Ice/Tmut       ##......     88%         4    ####...


Dungeon Overview and Level Annotations

Branches:
Dungeon (6/15)             Temple (1/1) D:6

Altars:
Cheibriados
Dithmenos
Elyvilon
Fedhas
Gozag
Hepliaklqana
Kikubaaqudgha
Makhleb
Qazlal
Trog
Vehumet
Wu Jian
Xom
Yredelemnul
Zin
The Shining One

Shops:
D:6 :

Annotations:
D:3 Grinder


Innate Abilities, Weirdness & Mutations

You revert to your normal form in water You are very nimble and swift while swimming.
You are very stealthy in the water. (Stealth+)
Armour fits poorly on your strangely shaped body.
You are frail. (-10% HP)


Message History

You suddenly lose the ability to move!
Grinder barely misses you. Grinder hits you!
You writhe in agony.
Grinder hits you!
You writhe in agony.
* * * LOW HITPOINT WARNING * * *
Grinder hits you!
* * * LOW HITPOINT WARNING * * *
You writhe in agony.
* * * LOW HITPOINT WARNING * * *
You can move again.
Unknown command.
You hit Grinder but do no damage.
Grinder is severely wounded.
Grinder hits you but does no damage.
Unknown command.
You hit Grinder.
Grinder is severely wounded.
Grinder gestures at you. Pain shoots through your body!
You die...

......>..........................
..(................#........#####
...................#........# #
...................#........# #
...................#........## #
...................#........<#
...................#####.#####
...................# #.#
...............5@..# ...
...!............w..# .....
...................# .#.....
...................##.
......................
...................###
...................# ####
...................# #...
...................# #...


You could see Grinder and a worm.

Vanquished Creatures
  Purgy (Sewer)
  An ice beast (D:5)
  2 ogres (D:5)
  2 scorpions
  A water moccasin skeleton (D:4)
  A crimson imp (D:5)
  A centaur zombie (D:6)
  A hound (D:5)
  An orc priest (D:5)
  3 iguanas
  2 orc wizards (D:5)
  A hound skeleton (D:6)
  A mummy (D:5)
  A howler monkey skeleton (D:4)
  12 adders
  3 oozes
  An adder skeleton (D:4)
  A worm (D:2)
  A dart slug (D:1)
  4 leopard geckos
  7 orcs
  4 giant cockroaches
  12 goblins
  3 hobgoblins (D:1)
  12 jackals
  A quokka (D:3)
  A ball python (Sewer)
  15 bats
  10 frilled lizards
  A hobgoblin zombie (D:5)
  6 kobolds
  3 orc zombies (D:5)
  6 rats
  A spectral orc (D:2)
123 creatures vanquished.

Notes
Turn   | Place    | Note
-------+----------+-------------------------------------------
     0 | D:1      | doot the Merfolk Transmuter began the quest for the Orb.
     0 | D:1      | Reached XP level 1. HP: 15/15 MP: 3/3
   202 | D:1      | Reached XP level 2. HP: 15/21 MP: 3/5
   997 | D:1      | Reached XP level 3. HP: 26/26 MP: 4/6
  1098 | D:1      | Learned a level 3 spell: Spider Form
  1430 | D:2      | Reached skill level 4 in Unarmed Combat
  1432 | D:2      | Reached XP level 4. HP: 25/33 MP: 5/7
  1905 | D:2      | Found a basalt altar of Yredelemnul.
  2440 | D:4      | Reached XP level 5. HP: 17/38 MP: 8/8
  2448 | D:4      | Learned a level 5 spell: Blade Hands
  2911 | D:4      | Found a shadowy altar of Dithmenos.
  3143 | D:4      | Reached skill level 5 in Unarmed Combat
  3222 | D:5      | Entered Level 5 of the Dungeon
  3233 | D:5      | Reached XP level 6. HP: 40/44 MP: 6/10
  3323 | D:5      | Noticed an ice beast
  3380 | D:5      | Gained mutation: You are weak. (Str -2) [miscasting Blade
                  | Hands]
  3380 | D:5      | Gained mutation: Armour fits poorly on your strangely
                  | shaped body. [miscasting Blade Hands]
  3519 | D:5      | Lost mutation: You are weak. (Str -2) [miscasting Blade
                  | Hands]
  3664 | D:5      | Reached skill level 1 in Stealth
  3694 | D:5      | Found a hazy altar of Hepliaklqana.
  3838 | D:5      | Reached XP level 7. HP: 36/50 MP: 6/11
  4285 | D:5      | Found a bloodstained altar of Trog.
  4344 | D:5      | Reached skill level 5 in Dodging
  4344 | D:5      | Reached skill level 6 in Unarmed Combat
  4344 | D:5      | Reached skill level 5 in Transmutations
  4344 | D:5      | Reached skill level 1 in Poison Magic
  4361 | D:5      | Found a glowing silver altar of Zin.
  4551 | D:5      | Noticed a fire elemental
  4553 | D:5      | Found a stormy altar of Qazlal.
  4554 | D:5      | Noticed an air elemental
  4554 | D:5      | Noticed a water elemental
  4726 | D:5      | Found a glowing golden altar of the Shining One.
  4844 | D:6      | Found a staircase to the Ecumenical Temple.
  4864 | Temple   | Entered the Ecumenical Temple
  5020 | D:6      | Found a glowing drain.
  5048 | Sewer    | Entered a sewer
  5109 | Sewer    | Noticed Purgy
  5438 | Sewer    | Killed Purgy
  5438 | Sewer    | Reached XP level 8. HP: 54/56 MP: 9/13
  5517 | D:6      | Found Ciher's Book Boutique.
  5985 | Temple   | Became a worshipper of the Wu Jian Council
  6111 | D:3      | Noticed Grinder
  6364 | D:3      | Gained mutation: Scrolls take you a little longer to read.
                  | [miscasting Blade Hands]
  6364 | D:3      | Gained mutation: You are frail. (-10% HP) [miscasting Blade
                  | Hands]
  6366 | D:3      | Paralysed by Grinder for 6 turns
  6748 | D:1      | Reached * piety under Wu Jian
  7244 | D:2      | Lost mutation: Scrolls take you a little longer to read.
                  | [miscasting Blade Hands]
  7461 | D:3      | Paralysed by Grinder for 4 turns
  7467 | D:3      | Killed from afar by Grinder

Skill      XL: |  1  2  3  4  5  6  7  8 |
---------------+-------------------------+-----
Transmutations | 3 4 5 |  5.7
Dodging        | 3 4 5 |  5.4
Unarmed Combat | 4 5 6 |  6.7
Stealth        | 1 2 |  2.0
Fighting       | 2 3 |  3.0
Spellcasting   | 3 |  3.8
Poison Magic   | 1 |  1.6

Action                   |  1- 3 |  4- 6 |  7- 9 || total
-------------------------+-------+-------+-------++-------
Melee: Unarmed           |    73 |   178 |   197 ||   448
       Headbutt          |    15 |     9 |     9 ||    33
       Mace              |    18 |       |       ||    18
       Tailslap          |     3 |       |     2 ||     5
       Punch             |       |     4 |     2 ||     6
 Cast: Beastly Appendage |    18 |    19 |    12 ||    49
       Spider Form       |     1 |     8 |    10 ||    19
       Blade Hands       |       |       |     3 ||     3
Invok: Lunge             |       |       |     5 ||     5
       Whirlwind         |       |       |     2 ||     2
 Abil: End Transformatio |       |       |     1 ||     1
  Use: Scroll            |       |       |     6 ||     6
 Stab: Sleeping          |       |     3 |     6 ||     9
  Eat: Chunk             |     2 |     8 |     6 ||    16
       Ration            |       |     1 |     3 ||     4
Armor: Robe              |    28 |    30 |    16 ||    74
       Skin              |       |     2 |     1 ||     3
Dodge: Dodged            |   126 |   131 |   167 ||   424
